AoeStats
← Imperador Snow

Migration

509807300Analyzed
1v1 RM · 3d ago on Sep 28, 2026· 51m 40s· 2 players
Game mode
Random Map
Map size
132×132
Population
200
Speed
Normal
Resources
Standard
Victory
Conquest
Starting age
Dark Age
Ending age
Imperial Age
RankedLock teamsTeams togetherTeam positionsShared explorationLock speedFull tech treeHidden civsTurbo modeCheats
Victory
Defeat
🇧🇷 Maya · Brazil
1090
+17
🇨🇴 Portuguese · Colombia
1106
-17
Imperador Snow
0:37 Loom
12:40 Feudal Age
14:30 Double-Bit Axe
16:48 Castle Age
16:01 Gold Mining
16:05 Fishing Lines
16:41 Fletching
17:54 Medium Warships
18:24 Gillnets
19:34 Careening
21:25 Bow Saw
23:02 Bodkin Arrow
23:08 Padded Archer Armor
23:23 Clinker Construction
25:44 Leather Archer Armor
26:23 Wheelbarrow
29:03 Thumb Ring
28:18 Crossbowman
32:35 Ballistics
34:12 Hul'che Javelineers
39:12 Hand Cart
38:43 Town Watch
41:40 Horse Collar
45:54 Imperial Age
44:39 Forging
44:30 Scale Mail Armor
44:59 Squires
44:20 Eagle Warrior
44:46 Arson
44:54 Man-at-Arms
44:55 Pikeman
46:59 Conscription
46:06 Capped Ram
47:24 Arbalester
49:05 Heavy Warships
48:58 Bracer
49:29 Ring Archer Armor
51:07 Iron Casting
50:48 Chain Mail Armor
51:59 Heavy Plow
joluga
13:00 Feudal Age
14:42 Wheelbarrow
14:13 Loom
15:08 Fishing Lines
15:18 Town Watch
15:20 Double-Bit Axe
17:51 Castle Age
16:28 Fletching
19:17 Bow Saw
19:03 Bodkin Arrow
19:31 Medium Warships
19:39 Gold Mining
22:30 Careening
22:45 Ballistics
24:50 Clinker Construction
26:09 Careening
27:34 Gillnets
28:10 Treadmill Crane
29:51 Hand Cart
30:02 Murder Holes
34:06 Guard Tower
37:29 Imperial Age
35:51 Heated Shot
39:36 Chemistry
43:58 Heavy Warships
43:54 Masonry
45:01 Dry Dock
46:45 Two-Man Saw
46:44 Elite Caravel
48:02 Scale Mail Armor
48:12 Forging
48:01 Horse Collar
49:13 Chain Mail Armor
50:24 Carvel Hull
50:41 Plate Mail Armor
50:47 Iron Casting
Connection lost

Rejoining the realm…

Still unreachable

The connection could not be restored.

Session expired

The server has moved on; the page needs a fresh start.